 Dungeon Crawl Stone Soup version 0.19-a0-1320-g0178847 (webtiles) character file.

151 Amnesiac the Chopper (level 5, 0/42 HPs)
             Began as a Mummy Chaos Knight on Aug 31, 2016.
             Killed from afar by Sigmund (5 damage)
             ... with a magic dart
             ... on level 2 of the Dungeon.
             The game lasted 00:03:33 (1461 turns).

Amnesiac the Chopper (Mummy Chaos Knight)           Turns: 1461, Time: 00:03:34

Health: 0/42       AC:  5    Str: 15    XL:     5   Next: 11%
Magic:  5/5        EV: 11    Int: 12    God:    Xom [..*...]
Gold:   80         SH:  0    Dex: 12    Spells: 0 memorised, 4 levels left

rFire  x . .     SeeInvis .     a - +0 hand axe (chaos)
rCold  + . .     Gourm    .     b - +2 leather armour
rNeg   + + +     Faith    .     (no shield)
rPois  ∞         Spirit   .     (no helmet)
rElec  .         Dismiss  .     (no cloak)
rCorr  .         Reflect  .     (no gloves)
MR     .....     Harm     .     (no boots)
Stlth  +.........               (no amulet)
                                (no ring)
                                (no ring)

@: no status effects
A: no food or potions, fire vulnerability, cold resistance 1, negative energy
resistance 3, torment resistance, unbreathing
a: Renounce Religion


You were on level 2 of the Dungeon.
You worshipped Xom.
You were a toy of Xom.
You were not hungry.

You visited 1 branch of the dungeon, and saw 2 of its levels.

You collected 80 gold pieces.

Inventory:

Hand Weapons
 a - a +0 hand axe of chaos (weapon)
Missiles
 e - 4 javelins of penetration (quivered)
Armour
 b - a +2 leather armour (worn)
 c - a +0 buckler
Scrolls
 d - a scroll of identify {unknown}


   Skills:
 + Level 4.1 Fighting
 * Level 4.1 Axes
 - Level 1.5 Armour
 - Level 0.7 Dodging


You had 4 spell levels left.
You didn't know any spells.

Dungeon Overview and Level Annotations

Branches:
Dungeon (2/15)

Altars:

Annotations:
D:2 Sigmund


Innate Abilities, Weirdness & Mutations

You do not eat or drink.
Your flesh is vulnerable to fire.
You are immune to poison.
Your flesh is cold resistant. (rC+)
You are immune to negative energy. (rN+++)
You are immune to unholy pain and torment.
You can survive without breathing.


Message History

You hit the ooze.
You kill the ooze!
Sigmund the Dreaded comes into view.
He is wielding a scythe of flaming.
Sigmund shouts! "See what I see, my child!"
You detect creatures!
Sigmund gestures wildly while chanting.
Sigmund flickers and vanishes!
A magic dart appears from out of thin air!
The magic dart hits you! Something hits you. Something burns you.
Unknown command.
Something hits you!
* * * LOW HITPOINT WARNING * * *
Something burns you.
* * * LOW HITPOINT WARNING * * *
A magic dart appears from out of thin air!
The magic dart hits you!
You die... "Boring in life, boring in death..."
J

.........##.$[.........
#####..############...
# #...#.## ####
#.#.#.#†# #.#.#...#
#...##### # ###.# ###
#.###### #.! #....@.#
#.# ###.##.# #.# #.##.#
#.# #.##.# #.# #.##{#
#.# #....# #.# ##...#
#.# #.#.# #.# #.#.# #.#


There were no monsters in sight!

Vanquished Creatures
  Jessica (D:2)
  Natasha (thrice) (D:2)
  An adder (D:2)
  An ooze (D:2)
  A dart slug (D:2)
  2 giant geckos
  3 hobgoblins
  5 jackals
  4 kobolds
  A quokka (D:2)
  2 bats
  4 giant newts
  5 goblins
  4 rats (D:1)
37 creatures vanquished.

Notes
Turn   | Place    | Note
-------+----------+-------------------------------------------
     0 | D:1      | Amnesiac the Mummy Chaos Knight began the quest for the Orb.
     0 | D:1      | Reached XP level 1. HP: 18/18 MP: 1/1
    86 | D:1      | XOM: divination: detect creatures
   239 | D:1      | Reached XP level 2. HP: 23/24 MP: 2/2
   361 | D:1      | XOM: silly message
   527 | D:1      | XOM: god gift: 4 javelins of penetration
   758 | D:1      | XOM: mild Divn miscast
   885 | D:2      | Reached XP level 3. HP: 25/29 MP: 3/3
   918 | D:2      | XOM: cast spell 'Summon Butterflies'
   933 | D:2      | XOM: harmless Tmut miscast
   940 | D:2      | Noticed Jessica
   952 | D:2      | Killed Jessica
  1017 | D:2      | Noticed Natasha
  1023 | D:2      | Killed Natasha
  1023 | D:2      | Reached XP level 4. HP: 34/37 MP: 4/4
  1045 | D:2      | Noticed Natasha
  1056 | D:2      | Killed Natasha
  1061 | D:2      | Noticed Natasha
  1066 | D:2      | XOM: enchant monster (bad)
  1180 | D:2      | Killed Natasha
  1288 | D:2      | XOM: mild Fire miscast
  1301 | D:2      | Reached XP level 5. HP: 29/42 MP: 5/5
  1455 | D:2      | Noticed Sigmund
  1455 | D:2      | XOM: divination: detect creatures
  1461 | D:2      | Killed from afar by Sigmund

Vault maps used:
D:1:      sevenhm_arrival_forest_fort_large_3
D:2:      first_bread, grunt_ministairs_15, uniq_sigmund, uniq_jessica,
          uniq_natasha

Skill      XL: |  1  2  3  4 |
---------------+-------------+-----
Axes           | 3 4 |  4.1
Fighting       | 4 |  4.1
Armour         | |  1.5
Dodging        | |  0.7

Action                   |  1- 3 |  4- 6 || total
-------------------------+-------+-------++-------
Melee: Hand axe          |    99 |    39 ||   138
 Stab: Petrified         |     1 |       ||     1
       Sleeping          |     1 |       ||     1
Armor: Leather armour    |    35 |    11 ||    46
       Scale mail        |     5 |       ||     5
Dodge: Dodged            |    61 |    23 ||    84
